 Dungeon Crawl Stone Soup version 0.28-a0-474-g535839065c (webtiles) character file.

Game seed: 263369365354934515

5 spiderkeys the Skirmisher (level 1, -6/16 HPs)
             Began as an Octopode Abyssal Knight on Sept 16, 2021.
             Was a Follower of Lugonu.
             Killed from afar by a white imp (9 damage)
             ... with a puff of frost
             ... on level 1 of the Abyss.
             The game lasted 00:00:17 (239 turns).

spiderkeys the Skirmisher (Octopode Abyssal Knight)  Turns: 239, Time: 00:00:18

Health: -6/16      AC:  1    Str: 11    XL:     1   Next: 80%
Magic:  2/2        EV: 13    Int: 14    God:    Lugonu [*.....]
Gold:   0          SH:  0    Dex: 11    Spells: 0/0 levels left

rFire   . . .      SeeInvis .   a - +1 spear
rCold   . . .      Faith    .   (no shield)
rNeg    . . .      Spirit   .   (helmet restricted)
rPois   .          Reflect  .   (no amulet)
rElec   .          Harm     .   (no ring)
rCorr   .          Rampage  .   (no ring)
Will    .....                   (no ring)
Stlth   ++........              (no ring)
HPRegen 0.05/turn               (no ring)
MPRegen 0.08/turn               (no ring)
                                (no ring)
                                (no ring)

@: no status effects
A: almost no armour, amphibious, 8 rings, camouflage 1, gelatinous body 1,
(nimble swimmer 1), tentacles
a: Renounce Religion, Depart the Abyss


You were on level 1 of the Abyss.
You worshipped Lugonu.
Lugonu was aware of your devotion.
You visited 0 branches of the dungeon, and saw 0 of its levels.
You visited the Abyss 1 time.


Innate Abilities, Weirdness & Mutations

You cannot wear most types of armour.
You are amphibious.
You can wear up to eight rings at the same time.
Your skin changes colour to match your surroundings (Stealth+).
Your rubbery body absorbs attacks. (AC +1, EV +1)
((You are camouflaged near water. (Stealth+)))
You have tentacles for arms and can constrict up to eight enemies at once.


   Skills:
 + Level 3.1 Fighting
 + Level 2.1 Polearms
 + Level 2.4 Dodging
 + Level 2.1 Invocations


You couldn't memorise any spells.
You didn't know any spells.
Your spell library was empty.

Inventory:

Hand Weapons
 a - a +1 spear (weapon)

Dungeon Overview and Level Annotations

Branches:
Dungeon (0/15)

Altars:

### ### .#
###.# #..##. .
# ... # .....
.# #...
.#.#.##..# # .
.#.#......#. .
#.##....###.. .
..##.#.#..#...#
#.
.........###..#
# ........5@..#
# #..##...#...#
###....#...#..#
#.#............
...#.##....#
#### ##..
......
..##.#...#..
.#.....#..
.#...### ##


You could see a white imp.


Message History

🤖 Initializing magus.rc ...
Options error: Delay interrupt name "hungry" not recognised. (~/.crawlrc:4988) ✅ Successfully initialized magus.rc [v1.9.10] Welcome, spiderkeys the Octopode Abyssal Knight.
Will you prevail where others failed? Will you find the Orb of Zot?
Lugonu says: Depart the Abyss and spread corruption, my servant! (use the ability menu to exit the Abyss) Press ? for a list of commands and other information.
Found a corrupted altar of Lugonu.
Found a gateway leading out of the Abyss.
Found a corrupted altar of Lugonu.
Found a shimmering altar of Xom.
There is a shimmering altar of Xom here.
There is a shimmering altar of Xom here.
A deep elf demonologist comes into view.
It is wielding a +0 rapier.
b - a scroll labelled UCOIS ODELOKY
As you read the scroll labelled UCOIS ODELOKY, it crumbles to dust.
It is a scroll of amnesia.
You feel forgetful for a moment.
An ufetubus comes into view.
The ufetubus shouts!
The ufetubus hits you.
The ufetubus barely misses you. 😕 HP[-2]
You take 2 damage, and now have 14/16 hp.
You hit the ufetubus. Your grab misses the ufetubus.
Your squeeze misses the ufetubus. The ufetubus barely misses you.
The ufetubus misses you.
You hit the ufetubus. Your grab misses the ufetubus. The ufetubus hits you. x3
* * * LOW HITPOINT WARNING * * *
The ufetubus misses you. 😨 HP[-9]
You take 9 damage, and now have 5/16 hp.
MASSIVE DAMAGE!! (PAUSE)
You hit the ufetubus.
You kill the ufetubus! 😨 HP[+1]
You start resting.
A white imp comes into view. 😮 HP[+3]
You regained 3 hp, and now have 9/16 hp.
The white imp shouts!
Unknown command.
The white imp hits you.
* * * LOW HITPOINT WARNING * * *
The white imp freezes you.
* * * LOW HITPOINT WARNING * * *
😱 HP[-7]
You take 7 damage, and now have 2/16 hp.
MASSIVE DAMAGE!! (PAUSE)
You hit the white imp but do no damage. Your grab misses the white imp.
The white imp gestures at you. The puff of frost hits you!
Ouch! That really hurt!
You die...

Action                   || total
-------------------------++-------
Melee: Spear             ||     4
  Use: Scroll            ||     1
Dodge: Dodged            ||     4

Levels and vault maps discovered:
Abyss:1:  base: Temple, base:
Temple

Notes
Turn   | Place    | Note
-------+----------+-------------------------------------------
     0 | Abyss:1  | spiderkeys the Octopode Abyssal Knight began the quest for
                  | the Orb.
     0 | Abyss:1  | Reached XP level 1. HP: 16/16 MP: 2/2
     0 | Abyss:1  | magus.rc [v1.9.10]
     7 | Abyss:1  | Found a corrupted altar of Lugonu.
    35 | Abyss:1  | Found a shimmering altar of Xom.
    68 | Abyss:1  | Found a shimmering altar of Xom.
   129 | Abyss:1  | Noticed a deep elf demonologist
   238 | Abyss:1  | HP: 2/16 [white imp (4)]
   239 | Abyss:1  | Killed from afar by a white imp

Vanquished Creatures
  An ufetubus (Abyss:1)
1 creature vanquished.

Table legend:
 A = Non-vault XP
 B = Vault XP
 C = Vault XP percentage of total XP
 D = Non-vault monster count
 E = Vault monster count
 F = Vault count percentage of total count
                 A         B        C        D         E       F
            +---------+---------+-------+---------+---------+-------
      Total |       8 |       0 |   0.0 |       1 |       0 |   0.0
            +---------+---------+-------+---------+---------+-------
    Abyss:1 |       8 |       0 |   0.0 |       1 |       0 |   0.0
            +---------+---------+-------+---------+---------+-------

Illustrated notes

Table legend:
 A = Kills in this place as a percentage of kills in entire the game.
 B = Kills by you in this place as a percentage of kills by you in the entire game.
 C = Kills by friends in this place as a percentage of kills by friends in the entire game.
 D = Other kills in this place as a percentage of other kills in the entire game.
 E = Experience gained in this place as a percentage of experience gained in the entire game.
 F = Experience gained in this place divided by the number of levels of this place that you have seen.
                   A       B       C       D       E      F
               +-------+-------+-------+-------+-------+----------------------
         Total | 100.0 | 100.0 |   N/A |   N/A | 100.0 |   8.0
         Abyss | 100.0 | 100.0 |   N/A |   N/A | 100.0 |   8.0
               +-------+-------+-------+-------+-------+----------------------

Table legend: (Time is in decaauts)
 A = Elapsed time spent in this place.
 B = Non-inter-level travel time spent in this place.
 C = Inter-level travel time spent in this place.
 D = Time resting spent in this place.
 E = Time spent auto-exploring this place.
 F = Levels seen in this place.
 G = Mean time per level.
                   A        B        C        D        E       F      G
               +--------+--------+--------+--------+--------+-----+--------+
         Total |    239 |    239 |      0 |     74 |    126 |   1 |  239.0 |
         Abyss |    239 |    239 |      0 |     74 |    126 |   1 |  239.0 |
               +--------+--------+--------+--------+--------+-----+--------+

Top non-repeatable levels by time:
 Abyss:1: 239 daAuts
